 Dungeon Crawl Stone Soup version 0.18.1-50-g88ac8fd (webtiles) character file.

214 GammafunkIsRetarded the Chiller (level 5, -17/32 HPs)
             Began as a High Elf Ice Elementalist on June 9, 2018.
             Demolished by an orc warrior
             ... wielding a +0 glaive
              (18 damage)
             ... on level 6 of the Dungeon.
             The game lasted 00:10:33 (1326 turns).

GammafunkIsRetarded the Chiller (HEIE)              Turns: 1326, Time: 00:10:34

Health: -17/32     AC:  0    Str:  8    XL:     5   Next: 60%
Magic:  9/9        EV: 16    Int: 19    God:
Gold:   187        SH:  0    Dex: 17    Spells: 2 memorised, 3 levels left

rFire  . . .     SeeInvis .     (weapon currently unavailable)
rCold  . . .     Gourm    .     (armour currently unavailable)
rNeg   . . .     Faith    .     (shield currently unavailable)
rPois  .         Spirit   .     (helmet currently unavailable)
rElec  .         Dismiss  .     (cloak currently unavailable)
rCorr  .         Reflect  .     (gloves currently unavailable)
SustAt .         Harm     .     (boots currently unavailable)
MR     .....     Rnd*Rage +     (no amulet)
Stlth  ++........               (ring currently unavailable)
                                (ring currently unavailable)

@: pig-form, very quick, not resistant to hostile enchantments, unstealthy
A: agile 1, berserk 1, frail 1
a: no special abilities


You were on level 6 of the Dungeon.
You were hungry.
You were a filthy swine.
You visited 1 branch of the dungeon, and saw 6 of its levels.

You collected 187 gold pieces.

Inventory:

Hand Weapons
 e - a +1 hand axe of flaming
 n - the cursed +1 hand axe "Videowk" (melded) {vamp, rF+ rC+ rN+}
   (You found it on level 5 of the Dungeon)

   It inflicts no extra harm, but heals its wielder somewhat when it strikes a
   living foe.
   It protects you from fire.
   It protects you from cold.
   It protects you from negative energy.
   It has a curse placed upon it.
Missiles
 l - 5 javelins (quivered)
Armour
 a - a +0 robe (melded)
 j - a +1 pair of gloves (melded)
 o - a +1 pair of boots (melded)
Jewellery
 v - an uncursed ring of sustain attributes {unknown}
Wands
 k - a wand of polymorph (0/24)
 u - a wand of acid (0/15)
Scrolls
 f - 2 scrolls of fog
Potions
 p - 2 potions of brilliance
Books
 b - a book of Frost

   Spells                             Type                      Level
   a - Freeze                         Ice                          1
   b - Throw Frost                    Conjuration/Ice              2
   c - Ozocubu's Armour               Charms/Ice                   3
   d - Throw Icicle                   Conjuration/Ice              4
   e - Summon Ice Beast               Ice/Summoning                4
Comestibles
 d - 3 fruits
 m - a meat ration
 r - a bread ration
 s - a beef jerky


   Skills:
 - Level 3.2 Fighting
 - Level 2.9 Dodging
 - Level 2.1 Stealth
 - Level 2.4 Spellcasting
   Level 1.1 Conjurations
 * Level 2.7 Summonings
 + Level 3.7 Ice Magic


You had 3 spell levels left.
You knew the following spells:

 Your Spells              Type           Power        Failure   Level  Hunger
a - Freeze                Ice            ###.         4%          1    #......
B - Summon Ice Beast      Ice/Summ       ##......     50%         4    #####..


Dungeon Overview and Level Annotations

Branches:
Dungeon (6/15)
 Temple: D:4-7

Altars:

Annotations:
D:6 Pikel


Innate Abilities, Weirdness & Mutations

You are agile. (Dex +2)
You tend to lose your temper in combat.
You are frail (-10% HP).


Message History

Aim: an orc priest, wielding a mace and wearing a chain mail (almost dead, covered in acid) Nothing appears to happen.
The slave completely misses you.
Drink which item? (? for menu, Esc to quit)
Okay, then.
Read which item? (? for menu, Esc to quit)
Okay, then.
Evoke which item? (* to show all) (? for menu, Esc to quit)
Zapping:
k - a wand of polymorph (1/24)
Press: ? - help, Shift-Dir - straight line, f - you, p - orc priest Really target yourself?
You turn into a filthy swine.
The cursed +1 hand axe "Videowk" {vamp, rF+ rC+ rN+} melds into your body.
Your +1 pair of gloves melds into your body.
Your +1 pair of boots melds into your body.
Your +0 robe melds into your body.
You feel the dreadful sensation subside.
This wand has 0 charges left.
The orc warrior hits you from afar with a glaive!!
Ouch! That really hurt!
You die...

####............h.## ##
#...§.o........ ..#.
#.##.#o#....[..#.. ....#######
#.§#...##h...>..o....#........
##.##.W..o.#.o.#....##........
#####..#...##.##o......##...a....
......s.o..##.##o#.....####....#.
........o..##.##)##....#.Z.s##.##
.....o##...##.##h# ...#.#####.##
...........##.##p#####.#Z### #.##
#####.##....#.##a##.....?..#.....
#.###.....##W#..###.........#
#.#.....#..o..)## ...........
#.......o.......##...........
#................#...........
#................##..o......#
#......W.........#.....#...Z.


You could see a phantom, an orc warrior, a slave, a worker ant, an orc priest
and 2 orcs.

Vanquished Creatures
  3 hounds
  An iguana (D:4)
  An orc wizard (D:6)
  A killer bee zombie (D:6)
  2 adders
  2 worms
  A dart slug (D:1)
  3 orcs
  A bat (D:1)
  A giant cockroach (D:2)
  3 hobgoblins (D:1)
  A quokka (D:3)
  3 giant newts (D:1)
  2 goblins
  A kobold (D:3)
  3 rats
29 creatures vanquished.

Notes
Turn   | Place    | Note
--------------------------------------------------------------
     0 | D:1      | GammafunkIsRetarded the High Elf Ice Elementalist began the quest for the Orb.
     0 | D:1      | Reached XP level 1. HP: 11/11 MP: 4/4
    86 | D:1      | Reached skill level 1 in Fighting
   182 | D:1      | Reached XP level 2. HP: 6/18 MP: 6/6
   446 | D:2      | Reached XP level 3. HP: 16/25 MP: 3/7
   552 | D:5      | Entered Level 5 of the Dungeon
   562 | D:5      | Got a steaming hand axe
   566 | D:5      | Identified the cursed +1 hand axe "Videowk" {vamp, rF+ rC+ rN+} (You found it on level 5 of the Dungeon)
   734 | D:4      | Reached XP level 4. HP: 27/31 MP: 0/8
   749 | D:4      | Learned a level 4 spell: Summon Ice Beast
   774 | D:4      | Reached skill level 1 in Summonings
  1023 | D:6      | Noticed Pikel
  1023 | D:6      | Noticed a slave
  1023 | D:6      | Noticed a slave
  1023 | D:6      | Noticed a slave
  1023 | D:6      | Noticed a slave
  1042 | D:6      | Noticed a black bear
  1053 | D:6      | Noticed a sky beast
  1054 | D:6      | Noticed a phantom
  1068 | D:6      | Noticed an orc warrior
  1232 | D:6      | Gained mutation: You are agile. (Dex +2) [potion of mutation]
  1232 | D:6      | Gained mutation: You are frail (-10% HP). [potion of mutation]
  1232 | D:6      | Gained mutation: You tend to lose your temper in combat. [potion of mutation]
  1232 | D:6      | Reached XP level 5. HP: 10/32 MP: 9/9
  1324 | D:6      | HP: 1/32 [orc warrior/glaive (12)]
  1326 | D:6      | Demolished by an orc warrior

Skill      XL: |  1  2  3  4 |
---------------+-------------+-----
Fighting       | 1 2 3 |  3.2
Summonings     | 2 |  2.7
Dodging        | |  2.9
Stealth        | |  2.1
Spellcasting   | |  2.4
Conjurations   | |  1.1
Ice Magic      | |  3.7

Action                   |  1- 3 |  4- 6 || total
-------------------------+-------+-------++-------
Melee: Hand axe          |    20 |     1 ||    21
       Unarmed           |       |     8 ||     8
Throw: Javelin           |     6 |       ||     6
 Cast: Freeze            |    34 |    12 ||    46
Evoke: Wand              |       |     9 ||     9
  Use: Potion            |     2 |     8 ||    10
       Scroll            |     6 |     2 ||     8
 Stab: Sleeping          |     2 |     1 ||     3
       Invisible         |     1 |       ||     1
  Eat: Bread ration      |     1 |       ||     1
       Chunk             |       |     1 ||     1
Armor: Robe              |     9 |     5 ||    14
       Skin              |       |     1 ||     1
Dodge: Dodged            |    33 |    76 ||   109
